 Dungeon Crawl Stone Soup version 0.31-a0-1074-g0b22e4e0f1 (webtiles) character file.

Game seed: 3710998029307514532

244 RBrandon the Magician (level 6, -2/45 HPs)
             Began as a Meteoran Earth Elementalist on Nov 28, 2023.
             Was a High Priest of Ignis.
             Slain by an ice beast (12 damage)
             ... on level 5 of the Dungeon.
             The game lasted 00:09:26 (1129 turns).

RBrandon the Magician (Meteoran Earth Elementalist) Turns: 1129, Time: 00:09:26

Health: -2/45      AC:  3    Str:  9    XL:     6   Next: 58%
Magic:  11/14      EV: 12    Int: 19    God:    Ignis [*****.]
Gold:   160        SH:  0    Dex: 15    Spells: 5/15 levels left

rFire   + . .        l - +0 whip (drain)
rCold   . . .        (no shield)
rNeg    . . .        c - +0 leather armour
rPois   .            (no helmet)
rElec   .            (no cloak)
rCorr   .            (no gloves)
SInv    .            (no boots)
Will    .....        i - amulet of regeneration
Stlth   +            (no ring)
HPRegen 1.07/turn    (no ring)
MPRegen 0.14/turn

%: no passive effects
@: very slightly contaminated, glowing
A: sense surroundings 1, otherworldly, glowing, explore regen
a: Renounce Religion, Fiery Armour, Foxfire Swarm, Rising Flame


You were on level 5 of the Dungeon.
You worshipped Ignis.
Ignis was extremely pleased with you.
You visited 1 branch of the dungeon, and saw 5 of its levels.

You collected 193 gold pieces.
You spent 33 gold pieces at shops.

Inventory:

Hand Weapons
 l - a +0 whip of draining (weapon)
   (You took it off a kobold on level 3 of the Dungeon)
Missiles
 p - 4 silver javelins
Armour
 a - a +0 robe
 c - a +0 leather armour (worn)
 f - a +0 ring mail
Magical Staves
 j - a staff of air
Jewellery
 i - an amulet of regeneration (around neck)
 k - an amulet of magic regeneration
 o - an amulet of reflection
Talismans
 q - a blade talisman
 t - a maw talisman
Scrolls
 d - a scroll of teleportation
 m - a scroll of enchant weapon {unknown}
 n - a scroll of immolation {unknown}
 r - a scroll of summoning {unknown}
 s - a scroll of noise {unknown}
Potions
 e - a potion of enlightenment {unknown}
 g - a potion of heal wounds {unknown}
 u - a potion of berserk rage {unknown}


   Skills:
 - Level 2.3 Dodging
 - Level 1.5 Stealth
 - Level 5.1 Spellcasting
 + Level 3.9 Conjurations
 - Level 1.4 Transmutations
 - Level 4.8 Earth Magic


You had 5 spell levels left.
You knew the following spells:

 Your Spells              Type           Power      Damage    Failure   Level
a - Sandblast             Erth           46%        2d11      2%          1
b - Passwall              Tmut/Erth      13%        N/A       7%          2
c - Stone Arrow           Conj/Erth      42%        3d9       9%          3
d - Brom's Barrelling Bo  Conj/Erth      21%        2d4       28%         4

Your spell library contained the following spells:

 Spells                   Type           Power      Damage    Failure   Level
 Magic Dart               Conj           80%        1d7       3%          1
 Searing Ray              Conj           40%        2d5       4%          2
 Static Discharge         Conj/Air       24%        3-4/arc   12%         2
 Petrify                  Tmut/Erth      16%        N/A       43%         4
 Inner Flame              Hex/Fire       4%         N/A       45%         3
 Flame Wave               Conj/Fire      12%        2d6       58%         4
 Fulminant Prism          Conj/Hex       6%         3d6       58%         4
 Sticky Flame             Conj/Fire      12%        2d4       58%         4
 Airstrike                Air            2%         2d(1-17)  86%         4
 Summon Lightning Spire   Summ/Air       4%         N/A       86%         4


Dungeon Overview and Level Annotations

Branches:
Dungeon (5/15) Zot: 1817   Temple (0/1) D:5

Altars:
Ru
Ignis

Shops:
D:2 !


Innate Abilities, Weirdness & Mutations

You passively map a small area around you.
You are easily found by Zot.
You glow in the dark.
You regain HP and MP as you explore.


Message History

The stone arrow misses the ice beast.
The ice beast closely misses you.
Casting: Stone Arrow (dangerous; 9% risk of failure)
Confirm with . or Enter, or press ? or * to list all spells.
Aiming: Sandblast (safe; 2% risk of failure)
Press: ? - help, Shift-Dir - straight line, f/p - ice beast
Aim: an ice beast (heavily wounded, 83% to hit)
The blast of sand hits the ice beast.
The ice beast is heavily wounded.
The ice beast hits you. The ice beast freezes you! The ice beast hits you.
The ice beast freezes you.
* * * LOW HITPOINT WARNING * * *
Okay, then.
Okay, then.
Okay, then.
Okay, then.
Okay, then.
Okay, then.
You feel better. The ice beast hits you. The ice beast freezes you!
* * * LOW HITPOINT WARNING * * *
You feel better. The ice beast hits you.
* * * LOW HITPOINT WARNING * * *
The ice beast freezes you!
* * * LOW HITPOINT WARNING * * *
Magic courses through your body. The ice beast barely misses you.
Casting: Sandblast (safe; 2% risk of failure)
Confirm with . or Enter, or press ? or * to list all spells.
Aiming: Brom's Barrelling Boulder (quite dangerous; 28% risk of failure)
Press: ? - help, Dir - move target, f/p - ice beast
Aim: an ice beast (heavily wounded, 100% to hit)
You cannot create a boulder in an occupied space.
Okay, then.
Casting: Brom's Barrelling Boulder (quite dangerous; 28% risk of failure)
Confirm with . or Enter, or press ? or * to list all spells.
Aiming: Stone Arrow (dangerous; 9% risk of failure)
Press: ? - help, Shift-Dir - straight line, f/p - ice beast
Aim: an ice beast (heavily wounded, 71% to hit)
The stone arrow misses the ice beast.
The ice beast hits you.
* * * LOW HITPOINT WARNING * * *
The ice beast freezes you!
You die...

.....# ) , ..,, .##.##
,* *#. #.#
..#.########.###.## ,
...§~~..# ........, ,,*
..~~§~~.# . .....,
.~§§§~~~# #. #..# ##+#*
.~§~>~§~####.##).##$).##
.~~~~~~~........Y......#
..~~§§~.........@......#
...~~~..#####...########
####..#...#####'#
##...........#
##..........#
##.##.##.### #########


You could see an ice beast.

Vanquished Creatures
  A kobold brigand (D:3)
  10 gnolls (D:3)
  An adder (D:5)
  A dart slug (D:5)
  An orc (D:4)
  6 ball pythons
  5 bats
  3 giant cockroaches (D:1)
  3 goblins (D:1)
  4 hobgoblins (D:3)
  3 jackals (D:1)
  2 quokkas
  A frilled lizard (D:2)
  25 kobolds (D:3)
  4 rats
70 creatures vanquished.

Notes
Turn   | Place    | Note
-------+----------+-------------------------------------------
     0 | D:1      | RBrandon the Meteoran Earth Elementalist began the quest
                  | for the Orb.
     0 | D:1      | Reached XP level 1. HP: 14/14 MP: 5/5
    37 | D:1      | Reached XP level 2. HP: 20/20 MP: 1/6
   140 | D:1      | Reached XP level 3. HP: 26/26 MP: 6/8
   216 | D:2      | Learned a level 2 spell: Passwall
   220 | D:2      | Learned a level 3 spell: Stone Arrow
   258 | D:2      | Found Byraguo's Distillery.
   303 | D:2      | Found a faded altar of an unknown god.
   306 | D:2      | Prayed at the altar of an unknown god.
   306 | D:2      | Became a worshipper of Ignis, the Dying Flame
   346 | D:2      | Bought a potion of curing for 33 gold pieces
   510 | D:3      | Reached skill level 3 in Spellcasting
   510 | D:3      | Reached XP level 4. HP: 32/33 MP: 5/9
   544 | D:3      | Noticed a kobold brigand
   549 | D:3      | Killed a kobold brigand
   550 | D:3      | Reached skill level 5 in Spellcasting
   550 | D:3      | Reached XP level 5. HP: 34/38 MP: 5/13
   558 | D:3      | Learned a level 4 spell: Brom's Barrelling Boulder
   578 | D:3      | Reached skill level 1 in Conjurations
   618 | D:3      | Reached XP level 6. HP: 45/45 MP: 5/14
   877 | D:4      | Found a sacrificial altar of Ru.
  1058 | D:5      | Entered Level 5 of the Dungeon
  1090 | D:5      | Found a staircase to the Ecumenical Temple.
  1117 | D:5      | Noticed an ice beast
  1129 | D:5      | Slain by an ice beast

Illustrated notes

Levels and vault maps discovered:
D:1:      spicycebolla_arrival_xxxplode, layout_basic, chequers_garden,
          minmay_splitting_lines
D:2:      layout_loops_ring, hellmonk_ecumenical_altar_inner_sanctum,
          serial_shops, shop, shop
D:3:      minmay_goblin_kobold_castle, layout_basic,
          chequers_temple_overflow_statue_of_worship
D:4:      kennysheep_spiral_hall, layout_loops_corners,
          mainiacjoe_overflow_concentric_impassable,
          mainiacjoe_overflow_six_doors_small, corexii_shack
D:5:      layout_gridville, minmay_temple_entry_mist,
          corexii_item_surrounded_by_moat

Skill      XL: |  1  2  3  4  5  6 |
---------------+-------------------+-----
Earth Magic    | 4 |  4.8
Spellcasting   | 3 5 |  5.1
Conjurations   | 2 3 |  3.9
Dodging        | |  2.3
Stealth        | |  1.5
Transmutations | |  1.4

Action                     |  1- 3 |  4- 6 || total
---------------------------+-------+-------++-------
  Melee: Unarmed           |     5 |     2 ||     7
         Punch             |     1 |       ||     1
         Whip              |       |    29 ||    29
   Cast: Sandblast         |    41 |    58 ||    99
         Stone Arrow       |       |     3 ||     3
 Invoke: Fiery Armour      |       |     1 ||     1
    Use: Potion            |       |     3 ||     3
         Scroll            |       |     1 ||     1
 Armour: Leather armour    |    12 |    62 ||    74
  Dodge: Dodged            |    18 |    58 ||    76

Table legend: (Time is in decaauts)
 A = Elapsed time spent in this place.
 B = Non-inter-level travel time spent in this place.
 C = Inter-level travel time spent in this place.
 D = Time resting spent in this place.
 E = Time spent auto-exploring this place.
 F = Levels seen in this place.
 G = Mean time per level.
                   A        B        C        D        E       F      G
               +--------+--------+--------+--------+--------+-----+--------+
         Total |   1181 |   1116 |     65 |      0 |     15 |   5 |  236.2 |
       Dungeon |   1181 |   1116 |     65 |      0 |     15 |   5 |  236.2 |
               +--------+--------+--------+--------+--------+-----+--------+

Top non-repeatable levels by time:
     D:3: 456 daAuts
     D:4: 266 daAuts
     D:1: 219 daAuts
     D:2: 165 daAuts
     D:5: 73 daAuts

Levels and vault maps discovered:
D:1:      spicycebolla_arrival_xxxplode, layout_basic, chequers_garden,
          minmay_splitting_lines
D:2:      layout_loops_ring, hellmonk_ecumenical_altar_inner_sanctum,
          serial_shops, shop, shop
D:3:      minmay_goblin_kobold_castle, layout_basic,
          chequers_temple_overflow_statue_of_worship
D:4:      kennysheep_spiral_hall, layout_loops_corners,
          mainiacjoe_overflow_concentric_impassable,
          mainiacjoe_overflow_six_doors_small, corexii_shack
D:5:      layout_gridville, minmay_temple_entry_mist,
          corexii_item_surrounded_by_moat

Table legend: (Time is in decaauts)
 A = Elapsed time spent in this place.
 B = Non-inter-level travel time spent in this place.
 C = Inter-level travel time spent in this place.
 D = Time resting spent in this place.
 E = Time spent auto-exploring this place.
 F = Levels seen in this place.
 G = Mean time per level.
                   A        B        C        D        E       F      G
               +--------+--------+--------+--------+--------+-----+--------+
         Total |   1181 |   1116 |     65 |      0 |     15 |   5 |  236.2 |
       Dungeon |   1181 |   1116 |     65 |      0 |     15 |   5 |  236.2 |
               +--------+--------+--------+--------+--------+-----+--------+

Top non-repeatable levels by time:
     D:3: 456 daAuts
     D:4: 266 daAuts
     D:1: 219 daAuts
     D:2: 165 daAuts
     D:5: 73 daAuts

Table legend:
 A = Kills in this place as a percentage of kills in the entire game.
 B = Kills by you in this place as a percentage of kills by you in the entire game.
 C = Kills by friends in this place as a percentage of kills by friends in the entire game.
 D = Other kills in this place as a percentage of other kills in the entire game.
 E = Experience gained in this place as a percentage of experience gained in the entire game.
 F = Experience gained in this place divided by the number of levels of this place that you have seen.
                   A       B       C       D       E      F
               +-------+-------+-------+-------+-------+----------------------
         Total | 100.0 | 100.0 |   N/A |   N/A | 100.0 |  69.8
       Dungeon | 100.0 | 100.0 |   N/A |   N/A | 100.0 |  69.8
               +-------+-------+-------+-------+-------+----------------------
